 Dungeon Crawl Stone Soup version 0.31-a0-198-g2ad674f65e (webtiles) character file.

Game seed: 3600108422421309087

136 qw the Skirmisher (level 4, -2/25 HPs)
             Began as a Deep Elf Hunter on June 25, 2023.
             Was an Initiate of Okawaru.
             Slain by a hobgoblin (4 damage)
             ... on level 3 of the Dungeon.
             The game lasted 00:00:43 (2113 turns).

qw the Skirmisher (Deep Elf Hunter)                 Turns: 2113, Time: 00:00:43

Health: -2/25      AC:  5    Str: 10    XL:     4   Next: 98%
Magic:  6/6        EV: 11    Int: 14    God:    Okawaru [......]
Gold:   11         SH:  0    Dex: 18    Spells: 3/3 levels left

rFire   . . .        Y - +0 longbow (flame)
rCold   . . .        (shield currently unavailable)
rNeg    . . .        b - +0 ring mail
rPois   .            (no helmet)
rElec   .            (no cloak)
rCorr   .            (no gloves)
SInv    .            (no boots)
Will    .....        (no amulet)
Stlth   +            (no ring)
HPRegen 0.24/turn    (no ring)
MPRegen 0.10/turn

%: no passive effects
@: lethally poisoned (-2 -> -5)
A: no striking features
a: Renounce Religion


You were on level 3 of the Dungeon.
You worshipped Okawaru.
Okawaru was noncommittal.
You visited 1 branch of the dungeon, and saw 3 of its levels.

You collected 106 gold pieces.
You spent 95 gold pieces at shops.


   Skills:
 - Level 1.5 Fighting
 + Level 8.4 Ranged Weapons
 - Level 2.4 Dodging
 - Level 1.2 Stealth


You had 3 spell levels left.
You didn't know any spells.
Your spell library was empty.

Inventory:

Hand Weapons
 Y - a +0 longbow of flaming (weapon)
Armour
 b - a +0 ring mail (worn)
Jewellery
 j - an amulet of magic regeneration
Scrolls
 a - a scroll of identify {unknown}
 f - a scroll of revelation {unknown}
Potions
 c - a potion of invisibility {unknown}
 d - a potion of enlightenment {unknown}
 e - a potion of curing
 g - a potion of resistance {unknown}
 h - a potion of heal wounds {unknown}
 i - a potion of brilliance {unknown}
 k - a potion of magic {unknown}

Dungeon Overview and Level Annotations

Branches:
Dungeon (3/15)

Altars:
Okawaru
Ru

Shops:
D:3 [*(

Annotations:
D:3 3 runed translucent doors, qw's ghost, amateur DEHu


Message History

Enter note:
Enter note:
Enter note:
Enter note:
Enter note: You shoot an arrow.
The arrow barely misses the adder.
You shoot an arrow. The arrow closely misses the adder.
The adder closely misses you.
You shoot an arrow. The arrow barely misses the adder.
The hobgoblin shouts!
The adder bites you. x2
You shoot an arrow.
The arrow hits the adder but does no damage.
The adder bites you. x2
You shoot an arrow. The arrow closely misses the adder.
The adder bites you but does no damage. x2
You shoot an arrow. The arrow misses the adder.
The adder misses you. The adder completely misses you.
You shoot an arrow. The arrow hits the adder.
The arrow burns the adder.
The adder is severely wounded.
The adder completely misses you. The hobgoblin hits you.
The adder bites you. x2
You are poisoned.
The adder poisons you! The hobgoblin completely misses you.
You shoot an arrow. The arrow hits the adder!
The arrow burns the adder.
You kill the adder!
Okawaru accepts your kill.
You feel sick. The adder barely misses you. The adder bites you.
The hobgoblin hits you but does no damage.
You shoot an arrow. The arrow barely misses the adder.
You feel sick. The adder closely misses you. The hobgoblin barely misses you.
The adder bites you. The hobgoblin hits you.
You shoot an arrow. The arrow barely misses the adder.
You feel sick. The adder bites you.
You are lethally poisoned!
The adder poisons you! The adder closely misses you.
The hobgoblin completely misses you.
You shoot an arrow. The arrow hits the adder.
The arrow burns the adder.
The adder is heavily wounded.
You feel sick. The adder completely misses you. The hobgoblin hits you.
You die...

##.....#.....## #.#
##########%## #.. #.##
#.. #..## #.. #######
##..########.. .......
####............ .......
#....##########.
......S##.###...........
>.....g@..# #\......>...
......%#### #...........
....).. #.........#
....... #.........
....... #........
....... #########
#######


You could see an adder and a hobgoblin.

Vanquished Creatures
  7 adders
  A dart slug (D:1)
  An orc (D:3)
  7 ball pythons
  8 bats
  4 endoplasms
  6 giant cockroaches
  6 goblins
  5 hobgoblins
  5 quokkas
  8 kobolds
  10 rats
68 creatures vanquished.

Notes
Turn   | Place    | Note
-------+----------+-------------------------------------------
     0 | D:1      | qw the Deep Elf Hunter began the quest for the Orb.
     0 | D:1      | Reached XP level 1. HP: 12/12 MP: 3/3
     0 | D:1      | 0 ||| qw: Version: 0.3-a-22-g0ed2b0b
     0 | D:1      | 0 ||| qw: Game counter: 4928
     0 | D:1      | 0 ||| qw: Melee chars always use a shield: true
     0 | D:1      | 0 ||| qw: God list: Okawaru
     0 | D:1      | 0 ||| qw: Allow faded altars: false
     0 | D:1      | 0 ||| qw: Do Orc after clearing Dungeon:15 true
     0 | D:1      | 0 ||| qw: Do second Lair branch before Depths: true
     0 | D:1      | 0 ||| qw: Lair rune preference: random
     0 | D:1      | 0 ||| qw: Goals: Normal
     0 | D:1      | 0 ||| PLANNING D:1-11
   129 | D:1      | Reached XP level 2. HP: 16/16 MP: 4/4
   150 | D:1      | Reached skill level 6 in Ranged Weapons
   448 | D:1      | Reached XP level 3. HP: 20/20 MP: 5/5
   798 | D:1      | 798 ||| DROPPING ring of flight.
   799 | D:1      | 799 ||| READING 2 scrolls labelled ERIGISS KITAO.
   800 | D:1      | 800 ||| READING scroll labelled TYECEU AXAFU.
   801 | D:1      | 801 ||| DROPPING scroll of fog.
   802 | D:1      | 802 ||| DROPPING scroll of butterflies.
   922 | D:2      | Reached skill level 7 in Ranged Weapons
   933 | D:2      | 933 ||| SWAPPING to +0 longbow.
   936 | D:2      | 936 ||| DROPPING +0 shortbow.
  1125 | D:2      | Found a sacrificial altar of Ru.
  1246 | D:2      | Reached XP level 4. HP: 25/25 MP: 6/6
  1661 | D:2      | 1661 ||| UPGRADING to +0 ring mail.
  1671 | D:2      | 1671 ||| DROPPING +0 leather armour.
  1672 | D:2      | 1672 ||| READING scroll labelled FOACEWEWOD.
  1673 | D:2      | 1673 ||| DRINKING 2 clear potions.
  1693 | D:3      | Found a faded altar of an unknown god.
  1715 | D:3      | Found an iron altar of Okawaru.
  1716 | D:3      | 1716 ||| PLANNING OKAWARU WORSHIP
  1729 | D:3      | Reached skill level 8 in Ranged Weapons
  1772 | D:3      | Became a worshipper of Warmaster Okawaru
  1773 | D:3      | 1773 ||| PLANNING D:1-11
  1791 | D:3      | Found a runed translucent gate.
  1791 | D:3      | Found a runed translucent gate.
  1791 | D:3      | Noticed qw's ghost (amateur DEHu)
  1792 | D:3      | Found a runed translucent gate.
  1793 | D:3      | Noticed a kobold brigand
  1942 | D:3      | Found Vangy's Weapon Emporium.
  2018 | D:3      | Found Suatuq's Antique Armour Boutique.
  2021 | D:3      | 2021 ||| SHOPLISTING cloak (90 gold, have 85).
  2021 | D:3      | 2021 ||| SHOPLISTING glowing ring mail (140 gold, have 85).
  2021 | D:3      | 2021 ||| SHOPLISTING helmet (90 gold, have 85).
  2021 | D:3      | 2021 ||| SHOPLISTING pair of boots (90 gold, have 85).
  2084 | D:3      | Found Moyk's General Store.
  2093 | D:3      | 2093 ||| SHOPLISTING +1 helmet (115 gold, have 106).
  2093 | D:3      | 2093 ||| BUYING scroll of brand weapon (95 gold).
  2093 | D:3      | Bought a scroll of brand weapon for 95 gold pieces
  2093 | D:3      | 2093 ||| READING scroll of brand weapon.
  2093 | D:3      | 2093 ||| BRANDING +0 longbow.
  2112 | D:3      | HP: 4/25 [adder (4)]
  2113 | D:3      | Slain by a hobgoblin

Levels and vault maps discovered:
D:1:      wheals_arrival_linesprint, layout_loops_ring, minmay_pentomino_s4
D:2:      layout_loops_corners, basic_altar
D:3:      layout_rooms, okawaru_trees_1, serial_shops,
          nicolae_shop_behind_doors, shop, nicolae_shop_bloodbath_and_beyond,
          gammafunk_ghost_nasty_kobolds, ebering_ecumenical_altar_sacrificial

Skill      XL: |  1  2  3  4 |
---------------+-------------+-----
Ranged Weapons | 6 7 8 |  8.4
Fighting       | |  1.5
Dodging        | |  2.4
Stealth        | |  1.2

Action                     |  1- 3 |  4- 6 || total
---------------------------+-------+-------++-------
   Fire: Shortbow          |    77 |       ||    77
         Longbow           |    23 |    52 ||    75
    Use: Scroll            |     2 |     2 ||     4
         Potion            |       |     1 ||     1
 Armour: Leather armour    |     5 |       ||     5
         Ring mail         |       |    10 ||    10
  Dodge: Dodged            |    24 |    20 ||    44

Table legend:
 A = Non-vault XP
 B = Vault XP
 C = Vault XP percentage of total XP
 D = Non-vault monster count
 E = Vault monster count
 F = Vault count percentage of total count
                 A         B        C        D         E       F
            +---------+---------+-------+---------+---------+-------
      Total |     189 |       6 |   3.1 |      64 |       4 |   5.9
            +---------+---------+-------+---------+---------+-------
        D:1 |      52 |       6 |  10.3 |      29 |       4 |  12.1
        D:2 |      66 |       0 |   0.0 |      21 |       0 |   0.0
        D:3 |      71 |       0 |   0.0 |      14 |       0 |   0.0
            +---------+---------+-------+---------+---------+-------
